 Seeded DCSS version 0.28.0-53-g5a82cb258f (webtiles) character file.

Game seed: 10231752843628650358 (custom seed)

212 Kranky the Skirmisher (level 5, -3/39 HPs)
             Began as an Octopode Fighter on June 20, 2022.
             Slain by a gnoll sergeant
             ... wielding a +0 flail of holy wrath
              (17 damage)
             ... on level 3 of the Dungeon.
             The game lasted 00:03:25 (2337 turns).

Kranky the Skirmisher (Octopode Fighter)            Turns: 2337, Time: 00:03:27

Health: -3/39      AC:  1    Str: 15    XL:     5   Next: 89%
Magic:  5/5        EV: 17    Int: 11    God:
Gold:   26         SH:  4    Dex: 13    Spells: 4/4 levels left

rFire   . . .      SeeInvis .   j - +2 hand axe (freeze)
rCold   . . .      Faith    .   b - +0 buckler
rNeg    . . .      Spirit   .   (helmet restricted)
rPois   .          Reflect  .   (no amulet)
rElec   .          Harm     .   e - +4 ring of evasion
rCorr   .          Rampage  .   (no ring)
Will    .....                   (no ring)
Stlth   ++++......              (no ring)
HPRegen 0.13/turn               (no ring)
MPRegen 0.09/turn               (no ring)
                                (no ring)
                                (no ring)

@: no status effects
A: almost no armour, amphibious, 8 rings, camouflage 1, gelatinous body 1,
(nimble swimmer 1), tentacles
a: no special abilities


You were on level 3 of the Dungeon.
You visited 1 branch of the dungeon, and saw 3 of its levels.

You collected 86 gold pieces.
You spent 60 gold pieces at shops.

Inventory:

Hand Weapons
 a - a +0 flail
 j - a +2 hand axe of freezing (weapon)
Armour
 b - a +0 buckler (worn)
Jewellery
 e - a +4 ring of evasion (left tentacle)
 k - a ring of ice
Scrolls
 g - 2 scrolls of identify {unknown}
 l - a scroll of holy word {unknown}
Potions
 c - a potion of might
 d - a potion of curing {unknown}
 f - 2 potions of flight {unknown}
 h - 2 potions of heal wounds
 i - a potion of invisibility {unknown}


   Skills:
 + Level 5.2 Fighting
 - Level 2.0 Maces & Flails
 - Level 3.0 Dodging
 - Level 5.0 Stealth
 - Level 3.0 Shields


You had 4 spell levels left.
You didn't know any spells.
Your spell library contained the following spells:

 Spells                   Type           Power      Damage    Failure   Level
 Scorch                   Fire           0%         2d5       56%         2
 Flame Wave               Conj/Fire      0%         2d4       99%         4
 Summon Cactus Giant      Summ           0%         N/A       100%        6


Dungeon Overview and Level Annotations

Branches:
Dungeon (3/15)

Altars:
Elyvilon

Shops:
D:2 !


Innate Abilities, Weirdness & Mutations

You cannot wear most types of armour.
You are amphibious.
You can wear up to eight rings at the same time.
Your skin changes colour to match your surroundings (Stealth+).
Your rubbery body absorbs attacks. (AC +1, EV +1)
((You are camouflaged when in or above water. (Stealth+)))
You have tentacles for arms and can constrict up to eight enemies at once.


Message History

You kill the endoplasm!
The gnoll sergeant hits you with a +0 flail of holy wrath!
The gnoll shouts!
You hit the gnoll sergeant. You freeze the gnoll sergeant.
You grab the gnoll sergeant.
The gnoll sergeant is moderately wounded.
You constrict the gnoll sergeant. The gnoll sergeant barely misses you.
You hit the gnoll sergeant. You freeze the gnoll sergeant.
The gnoll sergeant is heavily wounded.
You constrict the gnoll sergeant. You block the gnoll sergeant's attack.
The gnoll sergeant blocks your attack.
Your squeeze misses the gnoll sergeant.
The gnoll sergeant is heavily wounded.
You constrict the gnoll sergeant.
The gnoll sergeant hits you with a +0 flail of holy wrath!
You block the gnoll's attack. The gnoll sergeant barely misses you.
You are too injured to fight recklessly!
You are too injured to fight recklessly!
You are too injured to fight recklessly!
You are too injured to fight recklessly!
You release your grip on the gnoll sergeant.
Things that are here:
a +0 whip; a gnoll corpse You are too injured to fight recklessly!
You are too injured to fight recklessly!
You are too injured to fight recklessly!
You hit the gnoll. You freeze the gnoll. Your grab misses the gnoll.
The gnoll is heavily wounded.
You hit the gnoll sergeant. You freeze the gnoll sergeant.
Your grab misses the gnoll sergeant. Your squeeze misses the gnoll sergeant.
The gnoll sergeant is severely wounded.
You hit the gnoll but do no damage. The gnoll completely misses you.
The gnoll sergeant hits you with a +0 flail of holy wrath.
You hit the gnoll sergeant but do no damage.
You grab the gnoll sergeant.
The gnoll sergeant is severely wounded.
You hit the gnoll. You freeze the gnoll.
You constrict the gnoll sergeant, but do no damage.
The gnoll barely misses you.
The gnoll sergeant hits you with a +0 flail of holy wrath!
You die...

###.# .g.#..
.....###....# #
#).#.#[#.#..## ####.#.
.)..#.#.....#### ...
.#..#.....$...#.....
#.....
...##.##........
.....###.#...#.###....
.##.#.#).ggr.....[#
#..
......###@#...#.### .
#.....##.##...
##.#.........#..
#.....#.#.... .#
#########..#(#.#.#...
#
[.......))...###......
...###)####......#...#
#.# #.#.# #.# ....


You could see a gnoll sergeant, a gnoll and a quokka.

Vanquished Creatures
  Crazy Yiuf (D:2)
  Terence (D:2)
  4 gnolls
  3 adders (D:2)
  2 worms (D:2)
  2 dart slugs
  6 orcs (D:3)
  3 bats
  9 endoplasms
  2 giant cockroaches (D:1)
  7 hobgoblins
  8 jackals
  A quokka (D:2)
  12 ball pythons
  7 frilled lizards
  A goblin (D:2)
  6 kobolds
  3 rats
78 creatures vanquished.

Notes
Turn   | Place    | Note
-------+----------+-------------------------------------------
     0 | D:1      | Kranky the Octopode Fighter began the quest for the Orb.
     0 | D:1      | Reached XP level 1. HP: 16/16 MP: 1/1
    97 | D:1      | Reached skill level 1 in Stealth
    97 | D:1      | Reached XP level 2. HP: 21/21 MP: 2/2
   348 | D:1      | Reached XP level 3. HP: 6/27 MP: 3/3
   386 | D:1      | HP: 1/27 [endoplasm (3)]
  1205 | D:2      | Found a white marble altar of Elyvilon.
  1396 | D:2      | Noticed Terence
  1406 | D:2      | Killed Terence
  1407 | D:2      | Reached XP level 4. HP: 33/33 MP: 4/4
  1782 | D:2      | Reached XP level 5. HP: 38/38 MP: 5/5
  1786 | D:2      | Found Fyegoneg's Distillery.
  1794 | D:2      | Bought a potion of heal wounds for 60 gold pieces
  1843 | D:2      | Found a runed translucent door.
  1844 | D:2      | Noticed Crazy Yiuf
  1892 | D:2      | Found a faded altar of an unknown god.
  1892 | D:2      | Noticed a Tzitzimitl
  1955 | D:2      | Killed Crazy Yiuf
  1992 | D:2      | Reached skill level 5 in Stealth
  2220 | D:3      | Reached skill level 5 in Fighting
  2337 | D:3      | Slain by a gnoll sergeant

Illustrated notes

Levels and vault maps discovered:
D:1:      tarquinn_simple_flora_water_c, layout_basic
D:2:      layout_rooms, serial_shops, nicolae_shop_crystal,
          dreamdust_ecumenical_altar_sealed_demon, basic_altar,
          chequers_mini_garden, uniq_terence, uniq_crazy_yiuf_cottage
D:3:      kennysheep_big_flooded_room, layout_basic, kennysheep_minor_cross,
          minmay_fractal_squares_5

Skill      XL: |  1  2  3  4  5 |
---------------+----------------+-----
Stealth        | 1 2 3 4 5 |  5.0
Fighting       | 4 5 |  5.2
Maces & Flails | |  2.0
Dodging        | |  3.0
Shields        | |  3.0

Action                   |  1- 3 |  4- 6 || total
-------------------------+-------+-------++-------
Melee: Flail             |    72 |       ||    72
       Constrict         |    15 |    25 ||    40
       Tentacles         |     8 |    14 ||    22
       Hand axe          |       |    81 ||    81
       Punch             |       |     2 ||     2
 Stab: Sleeping          |     5 |     2 ||     7
Armor: Skin              |     9 |       ||     9
Dodge: Dodged            |    71 |    67 ||   138
Block: Buckler           |    19 |    21 ||    40
